 Dungeon Crawl Stone Soup version 0.28.0-53-g5a82cb258f (webtiles) character file.

Game seed: 4758146428029255311

50 buriedalive the Chiller (level 3, -1/19 HPs)
             Began as a Deep Elf Ice Elementalist on June 3, 2022.
             Slain by a wyvern skeleton (12 damage)
             ... on level 3 of the Dungeon.
             The game lasted 00:04:57 (3058 turns).

buriedalive the Chiller (Deep Elf Ice Elementalist) Turns: 3058, Time: 00:04:58

Health: -1/19      AC:  2    Str:  2 (5)  XL:     3   Next: 55%
Magic:  1/10       EV: 13    Int: 19 (21) God:
Gold:   112        SH:  0    Dex: 12 (15) Spells: 2/9 levels left

rFire   . . .      SeeInvis .   n - +1 quarterstaff (spect)
rCold   . . .      Faith    .   (shield currently unavailable)
rNeg    . . .      Spirit   .   a - +0 robe
rPois   .          Reflect  .   (no helmet)
rElec   .          Harm     .   (no cloak)
rCorr   .          Rampage  .   (no gloves)
Will    .....                   (no boots)
Stlth   ++........              (no amulet)
HPRegen 0.06/turn               (no ring)
MPRegen 0.12/turn               (no ring)

@: flying
A: no striking features
a: no special abilities


You were on level 3 of the Dungeon.
You visited 1 branch of the dungeon, and saw 3 of its levels.

You collected 112 gold pieces.

Inventory:

Hand Weapons
 b - a +0 whip
 f - a +0 dagger
 n - a +1 spectral quarterstaff (weapon)
Missiles
 i - 96 stones
Armour
 a - a +0 robe (worn)
Jewellery
 d - an amulet of faith
 j - a +6 ring of intelligence
 m - an amulet of guardian spirit
Scrolls
 e - a scroll of holy word {unknown}
 g - a scroll of blinking {unknown}
 o - a scroll of summoning {unknown}
Potions
 k - a potion of berserk rage {unknown}
 l - a potion of heal wounds


   Skills:
 + Level 3.4 Dodging
 - Level 2.4 Stealth
 + Level 3.9 Spellcasting
 + Level 4.9 Ice Magic


You had 2 spell levels left.
You knew the following spells:

 Your Spells              Type           Power      Damage    Failure   Level
a - Freeze                Ice            88%        1d10      1%          1
b - Ozocubu's Armour      Ice            22%        N/A       5%          3
c - Frozen Ramparts       Ice            44%        1d6       5%          3

Your spell library contained the following spells:

 Spells                   Type           Power      Damage    Failure   Level
 Hailstorm                Conj/Ice       13%        3d5       45%         4
 Fireball                 Conj/Fire      1%         3d3       98%         5
 Starburst                Conj/Fire      1%         6d3       100%        6
 Ignition                 Fire           1%         3d3       100%        8


Dungeon Overview and Level Annotations

Branches:
Dungeon (3/15)

Altars:


Message History

Aiming: Freeze (safe; 1% risk of failure)
Press: ? - help, Shift-Dir - straight line, f - jackal
Aim: a jackal You freeze the jackal!
You kill the jackal!
Casting: Freeze (safe; 1% risk of failure)
Confirm with . or Enter, or press ? or * to list all spells.
Aiming: Freeze (safe; 1% risk of failure)
Press: ? - help, Shift-Dir - straight line, f - wyvern skeleton
Aim: a wyvern skeleton You freeze the wyvern skeleton.
The wyvern skeleton resists.
The wyvern skeleton is lightly damaged.
The wyvern skeleton bites you. x2
Casting: Freeze (safe; 1% risk of failure)
Confirm with . or Enter, or press ? or * to list all spells.
Aiming: Freeze (safe; 1% risk of failure)
Press: ? - help, Shift-Dir - straight line, f/p - wyvern skeleton
Aim: a wyvern skeleton (lightly damaged)
You freeze the wyvern skeleton.
The wyvern skeleton resists.
The wyvern skeleton is lightly damaged.
The wyvern skeleton bites you.
Casting: Freeze (safe; 1% risk of failure)
Confirm with . or Enter, or press ? or * to list all spells.
Aiming: Freeze (safe; 1% risk of failure)
Press: ? - help, Shift-Dir - straight line, f/p - wyvern skeleton
Aim: a wyvern skeleton (lightly damaged)
You freeze the wyvern skeleton.
The wyvern skeleton resists.
The wyvern skeleton is lightly damaged.
The wyvern skeleton barely misses you.
You aren't carrying any items that you can evoke.
Casting: Freeze (safe; 1% risk of failure)
Confirm with . or Enter, or press ? or * to list all spells.
Aiming: Freeze (safe; 1% risk of failure)
Press: ? - help, Shift-Dir - straight line, f/p - wyvern skeleton
Aim: a wyvern skeleton (lightly damaged)
You freeze the wyvern skeleton.
The wyvern skeleton resists.
The wyvern skeleton is lightly damaged.
The wyvern skeleton bites you!
Ouch! That really hurt!
You die...

#.# #.# .. ... #(# #.#
#.# #.# ##.# #.# ..#
#.# #.. #@# #. #.###Z#
. #.. #...†.# ...
#..##.#.###........
#..h..............
#.......#.####.....
#...###.#.#.....#.#####
#.. #...............#
## ###.#.###.........#


You could see a wyvern skeleton.

Vanquished Creatures
  An adder (D:2)
  A worm (D:3)
  6 bats
  3 endoplasms
  A giant cockroach (D:2)
  5 goblins
  A hobgoblin (D:1)
  4 jackals (D:3)
  3 kobolds (D:1)
  2 quokkas
  3 ball pythons
  2 frilled lizards
  3 rats
35 creatures vanquished.

Notes
Turn   | Place    | Note
-------+----------+-------------------------------------------
     0 | D:1      | buriedalive the Deep Elf Ice Elementalist began the quest
                  | for the Orb.
     0 | D:1      | Reached XP level 1. HP: 10/10 MP: 6/6
   597 | D:1      | Reached XP level 2. HP: 15/15 MP: 8/8
  2057 | D:2      | Reached XP level 3. HP: 14/19 MP: 8/10
  3022 | D:3      | Learned a level 3 spell: Ozocubu's Armour
  3026 | D:3      | Learned a level 3 spell: Frozen Ramparts
  3058 | D:3      | Slain by a wyvern skeleton

Illustrated notes

Levels and vault maps discovered:
D:1:      dpeg_arrival_round_a, layout_basic
D:2:      layout_basic
D:3:      layout_basic, serial_shops, shop, shapermc_ecumenical_altar_gd,
          chequers_garden, minmay_randomly_rotated_circles, uniq_natasha,
          uniq_terence

Skill      XL: |  1  2 |
---------------+-------+-----
Dodging        | 3 |  3.4
Stealth        | |  2.4
Spellcasting   | |  3.9
Ice Magic      | |  4.9

Action                   || total
-------------------------++-------
Melee: Whip              ||    12
       Unarmed           ||     1
       Dagger            ||    26
       Punch             ||     1
       Quarterstaff      ||     6
 Cast: Freeze            ||    39
  Use: Potion            ||     3
 Stab: Sleeping          ||     5
Armor: Robe              ||    13
Dodge: Dodged            ||    46
